 Dungeon Crawl Stone Soup version 0.21-a0-621-gc60411f (webtiles) character file.

2809 Gorice the Carver (level 9, -3/72 HPs)
             Began as a Demonspawn Wanderer on Dec 23, 2017.
             Was a Follower of Qazlal.
             Killed from afar by Vajrapani's ghost (18 damage)
             ... with a flame tongue
             ... on level 7 of the Dungeon.
             The game lasted 00:31:20 (10356 turns).

Gorice the Carver (Demonspawn Wanderer)            Turns: 10356, Time: 00:31:20

Health: -3/72      AC: 20    Str: 15    XL:     9   Next: 44%
Magic:  19/19      EV:  6    Int: 17    God:    Qazlal [*.....]
Gold:   424        SH:  2    Dex: 13    Spells: 10/10 levels left

rFire    . . .     SeeInvis .   a - +1 scimitar (elec)
rCold    + + .     Gourm    .   (no shield)
rNeg     . . .     Faith    .   D - +0 plate armour
rPois    .         Spirit   .   i - +0 helmet
rElec    .         Reflect  .   L - +0 cloak
rCorr    .         Harm     .   r - +1 pair of gloves
MR       .....                  (no boots)
Stlth    ..........             (no amulet)
HPRegen  0.22/turn              j - ring of protection from cold
MPRegen  0.16/turn              K - ring of the Octopus King {MP+9 AC+1 EV+1 Str+1 Int+1 Dex+1}

@: very slightly contaminated, drained
A: hooves 1, rugged brown scales 2, cold resistance 1
a: Renounce Religion


You were on level 7 of the Dungeon.
You worshipped Qazlal.
Qazlal was aware of your devotion.
You were hungry.

You visited 2 branches of the dungeon, and saw 9 of its levels.
You also visited: Ossuary.

You collected 424 gold pieces.

Inventory:

Hand Weapons
 a - a +1 scimitar of electrocution (weapon)
   (You took it off Blork the orc on level 4 of the Dungeon)
 b - a +0 hunting sling
 k - a +2 dagger
 C - a +0 dagger of electrocution
   (You found it on level 1 of the Dungeon)
 E - a +2 dagger of protection
   (You took it off an orc on level 6 of the Dungeon)
 H - a +3 great sword
Missiles
 G - 11 sling bullets
 Y - 248 stones (quivered)
 Z - a throwing net
Armour
 e - a +1 robe
 i - a +0 helmet (worn)
 p - a +0 ring mail
 r - a +1 pair of gloves (worn)
 y - a +0 chain mail of positive energy
   (You found it in an ossuary)
 D - a +0 plate armour (worn)
 F - a +0 hat
 L - a +0 cloak (worn)
Magical Staves
 u - an uncursed staff of fire
Jewellery
 j - a ring of protection from cold (left hand)
 I - an uncursed amulet of faith {unknown}
 K - a ring of the Octopus King (right hand) {MP+9 AC+1 EV+1 Str+1 Int+1 Dex+1}
   (You found it on level 7 of the Dungeon)

   [ring of magical power]

   It affects your AC (+1).
   It affects your evasion (+1).
   It affects your strength (+1).
   It affects your intelligence (+1).
   It affects your dexterity (+1).
   It affects your magic capacity (+9).
Wands
 c - a wand of polymorph (7)
Scrolls
 g - 5 scrolls of identify
 h - a scroll of magic mapping {!r}
 q - 3 scrolls of remove curse
 s - a scroll of teleportation {!r}
 t - 4 scrolls of fog
 w - 2 scrolls of enchant armour
Potions
 d - 2 potions of lignification {!q}
 l - 5 potions of flight
 m - 2 potions of curing
 n - 3 potions of agility {!q}
 v - 2 potions of mutation {!q}
 x - a potion of haste {!q}
 A - 3 potions of cancellation {!q}
 B - a potion of invisibility {!q}
 J - a potion of resistance {!q}
Comestibles
 f - 6 rations


   Skills:
 - Level 5.6(4.9) Fighting
 * Level 8.0(7.1) Long Blades
   Level 1.0(0.3) Crossbows
 + Level 7.3(6.5) Armour
 - Level 1.7(1.0) Stealth
 - Level 1.0(0.3) Spellcasting
   Level 1.0(0.3) Translocations
   Level 2.6(1.9) Ice Magic


You had 10 spell levels left.
You didn't know any spells.

Dungeon Overview and Level Annotations

Branches:
Dungeon (8/15)             Temple (1/1) D:5
   Lair: D:8-11

Altars:
Ashenzari
Cheibriados
Dithmenos
Elyvilon
Fedhas
Gozag
Hepliaklqana
Kikubaaqudgha
Makhleb
Nemelex Xobeh
Okawaru
Qazlal
Ru
Sif Muna
Trog
Uskayaw
Vehumet
Wu Jian
Xom
Yredelemnul
Zin
The Shining One

Annotations:
D:3 Gorice's ghost, amateur DsWn
D:4 2 transporters
D:5 vvpUX: Troll!
D:6 2head ogre
D:7 vpUX: ghost with draining!, Vajrapani's ghost, novice DEFE


Innate Abilities, Weirdness & Mutations

You have large cloven feet.
You are mostly covered in rugged brown scales. (AC +2, +5% HP)
Your flesh is cold resistant. (rC+)


Message History

The two-headed ogre hits you with a giant club.
The two-headed ogre hits you but does no damage.
Damage: 3 (max 14)
You hit the two-headed ogre but do no damage.
You kick the two-headed ogre.
The two-headed ogre is lightly wounded.
You hit the two-headed ogre.
The two-headed ogre is lightly wounded.
The two-headed ogre hits you but does no damage.
The two-headed ogre hits you with a giant spiked club!
Damage: 7 (max 14)
You hit the two-headed ogre.
The two-headed ogre is lightly wounded.
The two-headed ogre hits you with a giant club!
* * * LOW HITPOINT WARNING * * *
The two-headed ogre hits you with a giant spiked club.
* * * LOW HITPOINT WARNING * * *
Damage: 15 (max 15)
You hit the two-headed ogre.
The two-headed ogre is moderately wounded.
The two-headed ogre hits you but does no damage.
The two-headed ogre hits you with a giant spiked club.
* * * LOW HITPOINT WARNING * * *
Damage: 3 (max 15)
You hit the two-headed ogre.
Lightning courses through the two-headed ogre!
Your kick misses the two-headed ogre.
The two-headed ogre is heavily wounded.
Unknown command.
Really quaff
z - a potion of heal wounds {!q}?
You feel much better.
The two-headed ogre hits you with a giant club!!
* * * LOW HITPOINT WARNING * * *
The two-headed ogre hits you with a giant spiked club!
* * * LOW HITPOINT WARNING * * *
Damage: 15 (max 15) Unknown command.
Okay, then.
Blink to where?
Press: ? - help, Dir - move target cursor You are very lightly contaminated with residual magic.
As you read the scroll of blinking, it crumbles to dust.
Vajrapani's ghost turns its malevolent gaze towards you.
Vajrapani's ghost screams, "Zot is a myth, the ORB is a fable, you'll soon be a tale!"
Vajrapani's ghost hits you but does no damage.
You feel drained.
Vajrapani's ghost whispers, "Everlasting silence awaits you..."
Vajrapani's ghost points at you and mumbles some strange words.
The flame tongue hits you!
You die...

.....## #...## ##.##
...# #..# ######## ...#
#......# #.##
######.####.#
#.####...#O...W..#
..#...........#.@#######
###..#..O#..#..........#
##.......#..###..#####.#
.......#.#.......# #.###
.#.....#.#......##
#.#.## .#.........######
#....## .#..##.#.###
#.....# .#.......#
####.<.## .##.##.####...
#.......#


You could see a two-headed ogre and Vajrapani's ghost.

Vanquished Creatures
  Sigmund (D:4)
  A naga (D:7)
  A sky beast (D:6)
  A phantom (D:7)
  3 ogres
  2 centaurs
  Blork the orc (D:4)
  4 bullfrogs
  An elf zombie (Ossuary)
  3 scorpions
  5 wights
  4 crimson imps
  4 centaur zombies
  A human zombie (Ossuary)
  A jelly (D:5)
  Crazy Yiuf (D:7)
  2 bullfrog skeletons
  3 hounds
  A centaur skeleton (D:6)
  5 orc wizards
  Ijyb (D:3)
  3 iguanas
  2 worker ants
  A big kobold zombie (Ossuary)
  3 mummies
  A hound skeleton (D:6)
  Robin (D:2)
  5 gnolls
  9 adders
  2 shadow imps
  An ooze (D:1)
  An adder zombie (Ossuary)
  An adder skeleton (D:4)
  4 worms
  A dart slug (D:5)
  9 leopard geckos
  17 orcs
  5 bats
  5 giant cockroaches
  16 goblins
  6 hobgoblins (D:2)
  17 jackals
  A quokka (D:7)
  2 ball pythons
  2 frilled lizards (D:2)
  2 goblin zombies (Ossuary)
  11 hobgoblin zombies (Ossuary)
  2 jackal skeletons
  2 jackal zombies (Ossuary)
  10 kobolds
  5 kobold zombies
  A leopard gecko skeleton (D:4)
  11 orc zombies
  A rat (D:2)
  A rat zombie (Ossuary)
207 creatures vanquished.

Notes
Turn   | Place    | Note
-------+----------+-------------------------------------------
     0 | D:1      | Gorice the Demonspawn Wanderer began the quest for the Orb.
     0 | D:1      | Gorice set off with: a +2 dagger, a scroll of blinking, a +0 hand axe, a potion of lignification {!q}, a +0 robe, a ration
     0 | D:1      | Reached XP level 1. HP: 13/13 MP: 2/2
   391 | D:1      | Reached skill level 1 in Fighting
   572 | D:1      | Gained mutation: You are partially covered in rugged brown scales. (AC +1, +3% HP) [demonic ancestry]
   572 | D:1      | Reached XP level 2. HP: 14/22 MP: 3/3
   815 | D:1      | Reached skill level 2 in Fighting
   968 | D:2      | Noticed Robin
   987 | D:2      | Killed Robin
   987 | D:2      | Reached XP level 3. HP: 18/28 MP: 4/4
   993 | D:2      | Reached skill level 3 in Fighting
  1027 | D:2      | HP: 8/29 [hobgoblin/club[Robin] (1)]
  1045 | D:2      | HP: 5/29 [hobgoblin/club[Robin] (1)]
  1544 | D:2      | Reached skill level 2 in Armour
  1616 | D:2      | Gained mutation: You have large cloven feet. [demonic ancestry]
  1616 | D:2      | Reached XP level 4. HP: 16/36 MP: 5/5
  2188 | D:3      | Noticed Gorice's ghost (amateur DsWn)
  2549 | D:3      | HP: 11/38 [poisoned by Gorice's ghost]
  2556 | D:2      | HP: 9/38 [poisoned by Gorice's ghost]
  2563 | D:2      | HP: 8/38 [poisoned by Gorice's ghost]
  2571 | D:2      | HP: 7/38 [poisoned by Gorice's ghost]
  3188 | D:3      | Reached skill level 4 in Fighting
  3270 | D:3      | Gained mutation: Your flesh is cold resistant. (rC+) [demonic ancestry]
  3270 | D:3      | Reached XP level 5. HP: 43/43 MP: 6/6
  3801 | D:3      | Noticed Ijyb
  3809 | D:3      | Paralysed by Ijyb for 3 turns
  3816 | D:3      | Paralysed by Ijyb for 7 turns
  3828 | D:3      | Paralysed by Ijyb for 3 turns
  4074 | D:3      | Paralysed by Ijyb for 2 turns
  4085 | D:3      | Paralysed by Ijyb for 6 turns
  4091 | D:3      | Killed Ijyb
  4091 | D:3      | Reached skill level 3 in Armour
  4365 | D:4      | Found a sand-covered staircase.
  4382 | Ossuary  | Entered an ossuary
  4786 | Ossuary  | HP: 10/44 [centaur zombie (7)]
  4788 | Ossuary  | Reached XP level 6. HP: 12/51 MP: 7/7
  4844 | Ossuary  | Reached skill level 5 in Fighting
  5045 | Ossuary  | Reached skill level 4 in Armour
  5260 | D:4      | Noticed Blork the orc
  5322 | D:4      | Killed Blork the orc
  5322 | D:4      | Reached XP level 7. HP: 29/58 MP: 8/8
  5536 | D:4      | Found a transporter.
  5536 | D:4      | Found a transporter.
  5585 | D:4      | Reached skill level 1 in Long Blades
  5894 | D:4      | Reached skill level 2 in Long Blades
  5963 | D:4      | Reached skill level 5 in Armour
  6078 | D:4      | Found a deep blue altar of Sif Muna.
  6172 | D:4      | Noticed Sigmund
  6186 | D:4      | Killed Sigmund
  6186 | D:4      | Reached skill level 3 in Long Blades
  6367 | D:5      | Entered Level 5 of the Dungeon
  6416 | D:5      | Found a staircase to the Ecumenical Temple.
  6428 | D:5      | Gained mutation: You are mostly covered in rugged brown scales. (AC +2, +5% HP) [demonic ancestry]
  6428 | D:5      | Reached XP level 8. HP: 58/67 MP: 9/9
  6434 | Temple   | Entered the Ecumenical Temple
  6652 | Temple   | Became a worshipper of Qazlal Stormbringer
  6717 | D:5      | Reached skill level 4 in Long Blades
  7581 | D:5      | Noticed a troll
  7830 | D:6      | Reached skill level 5 in Long Blades
  7931 | D:6      | Reached skill level 6 in Armour
  8168 | D:6      | Found a glowing golden altar of the Shining One.
  8170 | D:6      | Found a snail-covered altar of Cheibriados.
  8170 | D:6      | Found a basalt altar of Yredelemnul.
  8170 | D:6      | Found an iron altar of Okawaru.
  8172 | D:6      | Found an ornate altar of the Wu Jian Council.
  8172 | D:6      | Found a blossoming altar of Fedhas.
  8173 | D:6      | Found a hazy altar of Hepliaklqana.
  8329 | D:6      | Reached skill level 6 in Long Blades
  8404 | D:6      | Noticed a two-headed ogre
  8567 | D:6      | Reached XP level 9. HP: 72/72 MP: 10/10
  8773 | D:7      | HP: 19/72 [poisoned by a hornet]
  8776 | D:7      | HP: 5/72 [naga (11)]
  8781 | D:7      | HP: 9/72 [naga (2)]
  9130 | D:7      | Reached skill level 7 in Long Blades
  9249 | D:7      | Reached * piety under Qazlal
  9264 | D:7      | Reached skill level 7 in Armour
  9322 | D:7      | Found the ring of the Octopus King
  9329 | D:7      | Got a ring of the Octopus King
  9540 | D:7      | Found a runed door.
  9544 | D:7      | Noticed Crazy Yiuf
  9551 | D:7      | Killed Crazy Yiuf
  9653 | D:7      | Noticed Vajrapani's ghost (novice DEFE)
  9842 | D:8      | Identified a ring of the Octopus King {MP+9 AC+1 EV+1 Str+1 Int+1 Dex+1} (You found it on level 7 of the Dungeon)
  9851 | D:8      | Found a shadowy altar of Dithmenos.
  9860 | D:8      | Noticed a two-headed ogre
 10286 | D:8      | Reached skill level 8 in Long Blades
 10321 | D:7      | HP: 8/72 [two-headed ogre/giant club (15)]
 10356 | D:7      | Killed from afar by Vajrapani's ghost

Vault maps used:
D:1:      saegor_arrival_simple_c
D:2:      uniq_robin
D:3:      kennysheep_goblin_castle, serial_glass, glass_columns_a,
          glass_columns_b, kennysheep_generic_room_2
D:4:      gammafunk_wand_slinger, led_sif_book, portal_sewer_entry_d,
          serial_bayou, serial_bayou_shore_b, serial_bayou_pond_e,
          serial_bayou_pond_b, serial_bayou_pond_d, nicolae_ossuary_entry_giza,
          minmay_crystal_water, uniq_sigmund, uniq_blork_the_orc
D:5:      minmay_temple_entry_glass, first_ration
D:6:      grunt_temple_overflow_open, nzn_random_ring
D:7:      serial_glass, glass_columns_c, glass_columns_b,
          uniq_crazy_yiuf_cottage
D:8:      serial_shops, kennysheep_mini_moat, grunt_dithmenos_smoke
Temple:   eino_temple_water
Ossuary:  ossuary_tomb_1

Skill      XL: |  1  2  3  4  5  6  7  8  9 |
---------------+----------------------------+-----
Fighting       | 1 2 3 4 5 |  5.6
Armour         | 2 3 4 5 6 7 |  7.3
Long Blades    | 3 6 8 |  8.0
Crossbows      | |  1.0
Stealth        | |  1.7
Spellcasting   | |  1.0
Translocations | |  1.0
Ice Magic      | |  2.6

Action                   |  1- 3 |  4- 6 |  7- 9 || total
-------------------------+-------+-------+-------++-------
Melee: Dagger            |   164 |   355 |       ||   519
       Kick              |       |    76 |    68 ||   144
       Scimitar          |       |       |   331 ||   331
 Fire: Hunting sling     |       |    30 |    36 ||    66
Throw: Stone             |     6 |     9 |     1 ||    16
Evoke: Wand              |       |       |     3 ||     3
  Use: Scroll            |     5 |    10 |     5 ||    20
       Potion            |       |       |     6 ||     6
 Stab: Sleeping          |     2 |       |       ||     2
  Eat: Chunk             |     2 |     6 |    12 ||    20
       Ration            |       |     2 |     1 ||     3
Armor: Robe              |    21 |       |       ||    21
       Ring mail         |    24 |   245 |       ||   269
       Chain mail        |       |    35 |   106 ||   141
       Plate armour      |       |       |   172 ||   172
Dodge: Dodged            |    91 |   255 |   108 ||   454
Block: Other             |       |       |     4 ||     4
       Rpst.: Scimitar   |       |       |    36 ||    36

Table legend:
 A = Spawn XP
 B = Non-spawn XP
 C = Spawn XP percentage of total XP
 D = Spawn monster count
 E = Non-spawn monster count
 F = Spawn count percentage of total count
 G = Total turns spent on level
                    A         B        C        D         E        F      G
               +---------+---------+-------+---------+---------+-------+---------
         Total |       0 |    4013 |   0.0 |       0 |     207 |   0.0 | 10356
               +---------+---------+-------+---------+---------+-------+---------
           D:1 |       0 |      25 |   0.0 |       0 |      12 |   0.0 |   956
           D:2 |       0 |     119 |   0.0 |       0 |      33 |   0.0 |  2146
           D:3 |       0 |     127 |   0.0 |       0 |      25 |   0.0 |  1252
           D:4 |       0 |     753 |   0.0 |       0 |      26 |   0.0 |  1363
           D:5 |       0 |     611 |   0.0 |       0 |      21 |   0.0 |  1031
           D:6 |       0 |     870 |   0.0 |       0 |      19 |   0.0 |   978
           D:7 |       0 |     969 |   0.0 |       0 |      22 |   0.0 |  1236
           D:8 |       0 |     169 |   0.0 |       0 |      10 |   0.0 |   298
       Ossuary |       0 |     370 |   0.0 |       0 |      39 |   0.0 |   866
               +---------+---------+-------+---------+---------+-------+---------

Table legend:
 A = Turns spent in this place as a percentage of turns spent in the entire game.
 B = Non-inter-level travel turns spent in this place as a percentage of non-inter-level travel turns spent in the entire game.
 C = Inter-level travel turns spent in this place as a percentage of turns spent in this place.
 D = Turns resting spent in this place as a percentage of non-inter-level travel turns spent in this place.
 E = Turns spent auto-exploring this place as a percentage of non-inter-level travel turns spent in this place.
 F = Non-inter-level travel turns spent in this place divided by the number of levels of this place that you've seen.
                   A       B       C       D       E      F
               +-------+-------+-------+-------+-------+----------------------
         Total | 100.0 | 100.0 |   4.1 |  30.4 |  35.7 | 993.6
       Dungeon |  89.4 |  89.1 |   4.4 |  30.7 |  37.6 | 1106.2
        Temple |   2.2 |   2.2 |   4.3 |   0.0 |  92.3 | 220.0
       Ossuary |   8.4 |   8.7 |   0.0 |  34.8 |   1.2 | 866.0
               +-------+-------+-------+-------+-------+----------------------

Vault maps used:
D:1:      saegor_arrival_simple_c
D:2:      uniq_robin
D:3:      kennysheep_goblin_castle, serial_glass, glass_columns_a,
          glass_columns_b, kennysheep_generic_room_2
D:4:      gammafunk_wand_slinger, led_sif_book, portal_sewer_entry_d,
          serial_bayou, serial_bayou_shore_b, serial_bayou_pond_e,
          serial_bayou_pond_b, serial_bayou_pond_d, nicolae_ossuary_entry_giza,
          minmay_crystal_water, uniq_sigmund, uniq_blork_the_orc
D:5:      minmay_temple_entry_glass, first_ration
D:6:      grunt_temple_overflow_open, nzn_random_ring
D:7:      serial_glass, glass_columns_c, glass_columns_b,
          uniq_crazy_yiuf_cottage
D:8:      serial_shops, kennysheep_mini_moat, grunt_dithmenos_smoke
Temple:   eino_temple_water
Ossuary:  ossuary_tomb_1
